 Dungeon Crawl Stone Soup version 0.32-a0-630-g46d191b0ed (webtiles) character file.

Game seed: 3686603733587764114

160840 ASSMAN the Evocator (level 17, -6/117 HPs)
             Began as a Coglin Artificer on Mar 7, 2024.
             Was the Champion of Dithmenos.
             Mangled by a ghost moth (13 damage)
             ... on level 2 of the Spider Nest.
             The game lasted 01:20:14 (45975 turns).

ASSMAN the Evocator (Coglin Artificer)             Turns: 45975, Time: 01:20:16

Health: -6/117     AC: 18    Str: 13 (15) XL:     17   Next: 77%
Magic:  0/26       EV: 22    Int: 10 (11) God:    Dithmenos [******]
Gold:   1343       SH:  0    Dex: 22 (25) Spells: 16/16 levels left

rFire   + . .        e - +6 quick blade of Grandeur {venom, Will+ Dex+5}
rCold   + . .        g - +1 quick blade (protect) {Wanphen}
rNeg    . . .        M - +2 leather armour of the Ikuchi {+Blink rElec rPois}
rPois   +            m - +2 helmet
rElec   +            Q - scarf {harm}
rCorr   .            C - +1 pair of gloves {infuse}
SInv    .            f - +0 pair of boots
Will    ++...        (amulet unavailable) Stlth *+++++++++
                     (ring unavailable)
HPRegen 0.39/turn    (ring unavailable)
MPRegen 0.20/turn    E - bismuth scope {Rampage Acrobat rF+ rC+}

%: harm (+30% outgoing, +20% incoming), acrobat, rampage
@: about to teleport, spiked, under a protective aura, wreathed by umbra,
revving
A: off-hand wielding, slow wielding, warmup strikes, no jewellery, inability to
drink after injury 1
a: Renounce Religion, Evoke Blink, Shadow Step, Shadow Form


You were on level 2 of the Spider Nest.
You worshipped Dithmenos.
Dithmenos was exalted by your worship.
You visited 6 branches of the dungeon, and saw 29 of its levels.
You also visited: Bailey.

You collected 3878 gold pieces.
You spent 2535 gold pieces at shops.

Inventory:

Hand Weapons
 e - the +6 quick blade of Grandeur (weapon) {venom, Will+ Dex+5}
   (You acquired it on level 8 of the Dungeon)

   Dex+5:     It affects your dexterity (+5).
   Will+:     It increases your willpower.
 g - a +1 quick blade of protection (offhand) {Wanphen}
 w - a +2 dagger of venom {Dunstan}
Missiles
 l - 4 throwing nets (quivered)
Armour
 f - a +0 pair of boots (worn)
 i - +0 steam dragon scales
 m - a +2 helmet (worn)
 A - the +0 pair of boots of the Harvest Moon {*Slow rPois Str-3 Dex+4}
   (You bought it in a shop on level 2 of the Dungeon)

   Str-3:     It affects your strength (-3).
   Dex+4:     It affects your dexterity (+4).
   rPois:     It protects you from poison.
   *Slow:     It may slow you when you take damage.
 C - a +1 pair of gloves of infusion (worn)
 M - the +2 leather armour of the Ikuchi (worn) {+Blink rElec rPois}
   (You found it on level 15 of the Dungeon)

   rElec:     It insulates you from electricity.
   rPois:     It protects you from poison.
   +Blink:    It lets you blink.
 O - the +3 robe of Inquiry {rElec rPois}
   (You found it on level 1 of the Spider Nest)

   rElec:     It insulates you from electricity.
   rPois:     It protects you from poison.
 Q - a scarf of harm (worn)
Magical Staves
 n - a staff of air
Gizmo
 E - a bismuth scope (installed) {Rampage Acrobat rF+ rC+}
   (You invented it yourself on level 2 of the Lair of Beasts)

   [bismuth scope]

   rF+:       It protects you from fire.
   rC+:       It protects you from cold.
   Rampage:   It bestows one free step when moving towards enemies.
   Acrobat:   It increases your evasion after moving or waiting.
Wands
 c - a wand of acid (17)
 d - a wand of charming (14)
 k - a wand of mindburst (7)
 s - a wand of paralysis (5)
 t - a wand of roots (13)
 K - a wand of flame (14)
Scrolls
 b - 21 scrolls of identify
 p - 5 scrolls of enchant armour
 q - a scroll of teleportation
 x - 4 scrolls of immolation
 y - 3 scrolls of revelation
 F - 5 scrolls of amnesia
 H - 2 scrolls of vulnerability
 N - a scroll of enchant weapon
Potions
 a - 6 potions of haste
 h - 8 potions of resistance
 j - 4 potions of attraction
 o - a potion of enlightenment
 u - 4 potions of brilliance
 v - 3 potions of curing
 z - 5 potions of mutation
 B - 6 potions of lignification
 G - 3 potions of magic
 I - a potion of might
 J - a potion of ambrosia
 L - a potion of invisibility
 P - a potion of berserk rage
Miscellaneous
 r - a phial of floods


   Skills:
 - Level 6.0 Fighting
 - Level 14.0 Short Blades
 - Level 1.7 Armour
 + Level 13.3 Dodging
 + Level 13.1 Stealth
 * Level 12.0 Invocations
 * Level 23.2 Evocations


You had 16 spell levels left.
You didn't know any spells.
Your spell library contained the following spells:

 Spells                   Type           Power      Damage    Failure   Level
 Apportation              Tloc           0%         N/A       43%         1
 Foxfire                  Conj/Fire      0%         2x1d4     43%         1
 Magic Dart               Conj           0%         1d3       43%         1
 Necrotise                Necr           0%         1d4       43%         1
 Sting                    Conj/Alch      0%         1d3       43%         1
 Summon Small Mammal      Summ           0%         N/A       43%         1
 Blink                    Tloc           0%         N/A       58%         2
 Call Imp                 Summ           0%         N/A       58%         2
 Cigotuvi's Dreadful Rot  Necr/Alch/Air  0%         N/A       58%         2
 Ensorcelled Hibernation  Hex/Ice        0%         N/A       58%         2
 Mercury Vapours          Alch/Air       0%         N/A       58%         2
 Scorch                   Fire           0%         2d5       58%         2
 Sublimation of Blood     Necr           0%         N/A       58%         2
 Call Canine Familiar     Summ           0%         N/A       82%         3
 Dazzling Flash           Conj/Hex       0%         N/A       82%         3
 Inner Flame              Hex/Fire       0%         N/A       82%         3
 Mephitic Cloud           Conj/Alch/Air  0%         N/A       82%         3
 Passwall                 Erth           0%         N/A       82%         3
 Swiftness                Air            0%         N/A       82%         3
 Tukima's Dance           Hex            0%         N/A       82%         3
 Dimensional Bullseye     Hex/Tloc       0%         N/A       99%         4
 Dispel Undead            Necr           0%         3d6       99%         4
 Flame Wave               Conj/Fire      0%         2d4       99%         4
 Iskenderun's Mystic Bla  Conj/Tloc      0%         2d3       99%         4
 Martyr's Knell           Necr/Summ      0%         N/A       99%         4
 Olgreb's Toxic Radiance  Alch           0%         N/A       99%         4
 Sticky Flame             Fire/Alch      0%         2d4       99%         4
 Summon Blazeheart Golem  Fire/Summ      0%         N/A       99%         4
 Curse of Agony           Necr           0%         N/A       100%        5
 Silence                  Hex/Air        0%         N/A       100%        5
 Summon Forest            Summ/Tloc      0%         N/A       100%        5
 Summon Mana Viper        Hex/Summ       0%         N/A       100%        5
 Death Channel            Necr           0%         N/A       100%        6
 Plasma Beam              Fire/Air       0%         2x1d10    100%        6
 Starburst                Conj/Fire      0%         6d3       100%        6
 Summon Cactus Giant      Summ           0%         N/A       100%        6
 Orb of Destruction       Conj           0%         9d5       100%        7
 Spellforged Servitor     Conj/Summ      0%         N/A       100%        7
 Summon Hydra             Summ           0%         N/A       100%        7


Dungeon Overview and Level Annotations

Branches:
Dungeon (15/15)            Temple (1/1) D:7            Lair (5/5) D:10
 Shoals (3/4) Lair:3       Spider (3/4) Lair:3        Slime (0/5) Lair:4
    Orc (2/2) D:11            Elf (0/3) Orc:2        Vaults (0/5) D:14
 Depths (0/4) D:15         Bailey (visited)

Altars:
Ashenzari
Cheibriados
Dithmenos
Elyvilon
Fedhas
Gozag
Hepliaklqana
Kikubaaqudgha
Makhleb
Nemelex Xobeh
Okawaru
Qazlal
Ru
Sif Muna
Trog
Uskayaw
Vehumet
Wu Jian
Xom
Yredelemnul
Zin
The Shining One
Beogh
Jiyva

Shops:
D:2 [   D:5 =[(   D:10 (   D:13 =   Orc:2 ([*=   Shoals:2 [

Annotations:
Shoals:1 AutarchDCSS's ghost, journeyman DsWn


Innate Abilities, Weirdness & Mutations

You can wield a second weapon in your off-hand.
It takes a long time for you to wield or remove held weapons.
Your first few attacks do less damage.
You cannot equip rings or amulets.
You occasionally lose the ability to drink potions when taking damage.


Message History

You feel strangely unstable.
The steelbarb worm completely misses you.
You feel you are being watched by something.
Something hits you!
You emit a cloud of dark smoke.
Something hits you.
* * * LOW HITPOINT WARNING * * *
You feel clumsy.
Something stings you but does no damage.
You hit something but do no damage.
You closely miss something with your +1 quick blade of protection.
You hit something but do no damage.
You miss something with the +6 quick blade of Grandeur.
Your shadow hits something but does no damage. x2
Unknown command.
You hit something with your +1 quick blade of protection. x2
You hit something with the +6 quick blade of Grandeur. x2
Your shadow hits something but does no damage.
Your shadow closely misses something.
The steelbarb worm barely misses you.
You feel you are being watched by something.
Something hits you.
* * * LOW HITPOINT WARNING * * *
You feel clumsy. Something hits you but does no damage.
Something barely misses you.
You closely miss something with the +6 quick blade of Grandeur.
You hit something but do no damage. x2
You miss something with your +1 quick blade of protection.
Your shadow hits something but does no damage. x2
The steelbarb worm hits you!
* * * LOW HITPOINT WARNING * * *
You emit a cloud of dark smoke.
Barbed spikes become lodged in your body.
Something barely misses you. Something hits you!
* * * LOW HITPOINT WARNING * * *
Something closely misses you.
You feel much better. The steelbarb worm closely misses you.
You feel you are being watched by something.
You feel your power leaking away. Something hits you!
* * * LOW HITPOINT WARNING * * *
Something hits you but does no damage. Something stings you!
You die...

##....###..........#
###..##...........#
##.##...........# ##
#..##...........# .####
#...#..........##
...^####..............#
......#........§§§....#
...............w{§...##
..........######@§^...#
..........# ########
..........#
..........##
...........#
...........##
...........[#
............#
............#


You could see a steelbarb worm (very poisoned).

Vanquished Creatures
  Arachne (Spider:2)
  Rupert (D:12)
  Asterion (Spider:2)
  2 emperor scorpions
  A ghost moth (Spider:1)
  2 orc warlords
  Snorg (D:12)
  3 fire dragons
  4 merfolk impalers
  A merfolk javelineer (Shoals:3)
  A vault guard (D:14)
  2 entropy weavers
  2 hydras
  2 merfolk avatars
  4 catoblepae (Lair:5)
  Erolcha (Orc:2)
  A radroach (Spider:2)
  5 centaur warriors
  A merfolk aquamancer (Shoals:2)
  6 boulder beetles
  A death knight (D:14)
  A satyr (Shoals:3)
  6 two-headed ogres
  3 orc high priests
  A tengu warrior (D:15)
  A deep troll earth mage (D:15)
  6 demonic crawlers
  Urug (D:10)
  13 death yaks
  An occultist (D:14)
  5 pharaoh ants
  6 skysharks
  7 skeletal warriors (D:14)
  4 sea snakes
  4 orb spiders
  Lodul (D:9)
  5 harpies (Shoals:1)
  10 orc knights
  A sun moth (Spider:2)
  2 ugly things
  5 deep elf pyromancers
  8 wolf spiders
  5 cyclopes
  3 orc sorcerers
  8 fauns
  6 manticores
  19 elephants
  4 black mambas
  3 kobold blastminers
  8 meliai
  A moth of wrath (Spider:1)
  6 merfolk sirens
  2 water nymphs (Shoals:3)
  Joseph (D:8)
  3 gargoyles
  2 torpor snails
  An unseen horror (D:12)
  13 cane toads
  Maggie (D:8)
  Jeremiah (D:6)
  2 efreet
  3 kobold demonologists
  10 komodo dragons
  Psyche (D:8)
  A yaktaur (D:15)
  6 rime drakes
  A freezing wraith (D:14)
  7 hornets
  6 trolls
  3 wind drakes
  19 merfolk
  A polar bear (Lair:5)
  Prince Ribbit (D:8)
  12 tarantellas
  22 blink frogs
  2 snapping turtles
  8 dream sheep
  5 wraiths
  7 slime creatures
  12 jumping spiders
  5 water elementals
  10 culicivoras
  3 wyverns
  2 vampire mosquitoes (D:14)
  3 fire bats (Orc:2)
  5 basilisks
  A steam dragon (D:10)
  42 yaks
  22 redbacks
  7 wargs
  22 water moccasins
  5 acid dragons
  5 black bears
  4 sky beasts
  A meliai simulacrum (D:14)
  45 orc warriors
  3 ice beasts
  10 wolves
  4 laughing skulls (D:13)
  16 ogres
  13 centaurs
  A phantom (D:5)
  3 kobold brigands
  17 bullfrogs
  4 scorpions
  13 wights
  5 killer bees
  6 electric eels
  4 howler monkeys
  A lava snake (Orc:2)
  4 hounds
  2 bombardier beetles
  4 gnoll boudas
  25 orc priests
  18 jellies
  A sleepcap (D:4)
  7 iguanas
  30 orc wizards
  Robin (D:2)
  18 gnolls
  10 adders
  A shadow imp (D:6)
  3 white imps
  3 ufetubi
  4 dart slugs
  80 orcs
  8 endoplasms
  4 giant cockroaches
  28 goblins
  7 hobgoblins
  6 jackals
  21 kobolds
  2 quokkas
  5 ball pythons
  12 bats
  5 frilled lizards
  2 rats (D:1)
943 creatures vanquished.

Vanquished Creatures (others)
  An orc (Bailey)
  A goblin (D:2)
2 creatures vanquished.

Grand Total: 945 creatures vanquished

Notes
Turn   | Place    | Note
-------+----------+-------------------------------------------
     0 | D:1      | ASSMAN the Coglin Artificer began the quest for the Orb.
     0 | D:1      | Reached XP level 1. HP: 15/15 MP: 1/1
   134 | D:1      | Reached XP level 2. HP: 22/22 MP: 2/2
   147 | D:1      | Found Keakanoz's Vocational Training.
   993 | D:2      | Found Odettew's Antique Armour Boutique.
  1021 | D:2      | Reached XP level 3. HP: 28/28 MP: 3/3
  1362 | D:2      | Reached XP level 4. HP: 18/37 MP: 4/4
  1502 | D:2      | Noticed Robin
  1539 | D:2      | Killed Robin
  2284 | D:3      | Found an iron altar of Okawaru.
  2482 | D:3      | Reached XP level 5. HP: 43/43 MP: 5/5
  2493 | D:3      | Reached skill level 5 in Fighting
  2726 | D:4      | HP: 2/44 [poisoned by a kobold]
  2901 | D:4      | Noticed a black bear
  2910 | D:4      | Killed a black bear
  2911 | D:4      | Reached XP level 6. HP: 45/52 MP: 6/6
  3010 | D:4      | Reached skill level 1 in Short Blades
  3061 | D:4      | Found a basalt altar of Yredelemnul.
  3633 | D:4      | Identified a scroll of acquirement
  3633 | D:4      | Acquired a +1 quick blade of protection
  3688 | D:5      | Entered Level 5 of the Dungeon
  3712 | D:5      | Reached XP level 7. HP: 58/58 MP: 7/7
  3875 | D:5      | Found a shimmering altar of Xom.
  3877 | D:5      | Found an ancient bone altar of Kikubaaqudgha.
  3880 | D:5      | Found a stormy altar of Qazlal.
  3960 | D:5      | Found a sacrificial altar of Ru.
  4024 | D:5      | Reached skill level 5 in Short Blades
  4082 | D:5      | Reached XP level 8. HP: 53/64 MP: 8/8
  4141 | D:5      | Found Teray's Firing Range.
  4234 | D:5      | Found Ytzankas's Jewellery Shoppe.
  4393 | D:5      | Found Jenua's Armour Shoppe.
  4433 | D:5      | Bought a +1 pair of gloves of infusion for 181 gold pieces
  5220 | D:6      | Noticed Jeremiah
  5464 | D:6      | Reached XP level 9. HP: 69/69 MP: 7/9
  5485 | D:6      | Killed Jeremiah
  6451 | D:6      | Reached skill level 10 in Short Blades
  6967 | D:7      | Found a staircase to the Ecumenical Temple.
  7092 | D:7      | Found a sparkling altar of Nemelex Xobeh.
  7165 | Temple   | Entered the Ecumenical Temple
  7235 | Temple   | Became a worshipper of Dithmenos the Shadowed
  7317 | D:7      | Reached XP level 10. HP: 51/76 MP: 0/10
  7963 | D:8      | Found a flagged portal.
  7977 | Bailey   | Entered a bailey
  8070 | Bailey   | Noticed an orc knight
  8077 | Bailey   | Killed an orc knight
  8321 | Bailey   | Noticed an orc knight
  8342 | Bailey   | Killed an orc knight
  9074 | Bailey   | Reached * piety under Dithmenos
  9297 | Bailey   | Noticed an orc knight
  9317 | Bailey   | Killed an orc knight
  9582 | Bailey   | Found an iron altar of Okawaru.
  9583 | Bailey   | Noticed a kobold demonologist
  9583 | Bailey   | Noticed a kobold demonologist
  9618 | Bailey   | Killed a kobold demonologist
  9625 | Bailey   | Killed a kobold demonologist
  9807 | Bailey   | Gained mutation: You occasionally lose the ability to drink
                  | potions when taking damage. [potion of mutation]
 10008 | Bailey   | Noticed an orc knight
 10021 | Bailey   | Killed an orc knight
 10029 | Bailey   | Reached XP level 11. HP: 65/81 MP: 0/11
 10283 | D:8      | Noticed Maggie
 10302 | D:8      | Killed Maggie
 10303 | D:8      | Reached skill level 1 in Dodging
 10463 | D:8      | Reached skill level 1 in Stealth
 10532 | D:8      | Noticed Prince Ribbit
 10542 | D:8      | Killed Prince Ribbit
 10543 | D:8      | Reached skill level 1 in Invocations
 10919 | D:8      | Noticed a two-headed ogre
 10989 | D:8      | Killed a two-headed ogre
 11313 | D:8      | Reached ** piety under Dithmenos
 11346 | D:8      | Noticed Psyche
 11377 | D:8      | Killed Psyche
 11859 | D:8      | Found a hazy altar of Hepliaklqana.
 11950 | D:8      | Noticed Joseph
 11961 | D:8      | Killed Joseph
 11962 | D:8      | Reached skill level 5 in Evocations
 12460 | D:8      | Acquired the +6 quick blade of Grandeur {venom, Will+
                  | Dex+5}
 12499 | D:9      | You fall into a shaft and drop 2 floors!
 12685 | D:11     | Noticed a two-headed ogre
 12733 | D:11     | Killed a two-headed ogre
 12746 | D:11     | Reached skill level 6 in Evocations
 12785 | D:11     | Found a staircase to the Orcish Mines.
 12785 | D:11     | Noticed a cyclops
 12793 | D:11     | Killed a cyclops
 12850 | D:11     | Noticed a two-headed ogre
 12857 | D:11     | Killed a two-headed ogre
 13318 | D:11     | Reached skill level 7 in Evocations
 13343 | D:10     | Entered Level 10 of the Dungeon
 13381 | D:10     | Found Joteol's Weapon Shoppe.
 13492 | D:10     | Noticed Urug
 13499 | D:10     | Killed Urug
 13500 | D:10     | Reached skill level 5 in Dodging
 13500 | D:10     | Reached XP level 12. HP: 88/88 MP: 11/13
 13609 | D:10     | Reached skill level 5 in Stealth
 13636 | D:10     | Found a staircase to the Lair.
 13863 | D:10     | Reached skill level 8 in Evocations
 13876 | D:10     | Reached *** piety under Dithmenos
 13952 | D:10     | Noticed a two-headed ogre
 13965 | D:10     | Killed a two-headed ogre
 14697 | D:10     | Noticed Lodul
 14714 | D:9      | Killed Lodul
 14715 | D:9      | Reached skill level 9 in Evocations
 14906 | D:9      | Reached **** piety under Dithmenos
 15133 | D:9      | Found an ornate altar of the Wu Jian Council.
 16111 | D:12     | Noticed Snorg
 16117 | D:12     | Killed Snorg
 16118 | D:12     | Reached skill level 10 in Evocations
 16662 | D:12     | Reached XP level 13. HP: 93/93 MP: 12/14
 16732 | D:12     | Noticed Rupert
 16758 | D:12     | Killed Rupert
 16934 | D:12     | Reached skill level 11 in Evocations
 17011 | D:12     | Noticed an orc warlord
 17165 | D:12     | Killed an orc warlord
 17818 | D:12     | Reached ***** piety under Dithmenos
 17830 | D:12     | Found a roughly hewn altar of Beogh.
 18705 | Lair:1   | Entered Level 1 of the Lair of Beasts
 18974 | Lair:1   | Reached skill level 12 in Evocations
 20351 | Lair:2   | Reached skill level 13 in Evocations
 20380 | Lair:2   | Reached XP level 14. HP: 73/100 MP: 1/15
 20398 | Lair:2   | Acquired a bismuth scope {Rampage Acrobat rF+ rC+}
 21073 | Lair:3   | Found a hole to the Spider Nest.
 22396 | Lair:3   | Found a staircase to the Shoals.
 22794 | Lair:4   | Reached skill level 10 in Dodging
 23185 | Lair:4   | Reached skill level 10 in Stealth
 23277 | Lair:4   | Found a staircase to the Slime Pits.
 23277 | Lair:4   | Found a viscous altar of Jiyva.
 23697 | Lair:4   | Reached skill level 14 in Evocations
 24179 | Lair:5   | Entered Level 5 of the Lair of Beasts
 24432 | Lair:5   | Reached ****** piety under Dithmenos
 25209 | Lair:5   | Reached skill level 15 in Evocations
 25512 | Lair:5   | Reached XP level 15. HP: 99/105 MP: 0/16
 26692 | D:2      | Bought a pair of shimmering boots for 218 gold pieces
 26692 | D:2      | Identified the +0 pair of boots of the Harvest Moon {*Slow
                  | rPois Str-3 Dex+4} (You bought it in a shop on level 2 of
                  | the Dungeon)
 26712 | D:1      | Bought a manual of Evocations for 960 gold pieces
 26712 | D:1      | Bought a manual of Invocations for 960 gold pieces
 27024 | Lair:5   | Reached skill level 16 in Evocations
 27503 | Orc:1    | Entered Level 1 of the Orcish Mines
 27515 | Orc:1    | Found a bloodstained altar of Trog.
 28058 | Orc:2    | Entered Level 2 of the Orcish Mines
 28778 | Orc:2    | Noticed Erolcha
 28791 | Orc:2    | Killed Erolcha
 29293 | Orc:2    | Reached skill level 17 in Evocations
 29479 | Orc:2    | Noticed an orc warlord
 29481 | Orc:2    | Found a roughly hewn altar of Beogh.
 29483 | Orc:2    | Found Dazepnaxzi's Jewellery Shoppe.
 29516 | Orc:1    | Killed an orc warlord
 30028 | Orc:2    | Found Siuthun's Antique Armour Shoppe.
 30034 | Orc:2    | Bought a brightly glowing scale mail for 216 gold pieces
 30034 | Orc:2    | Identified the +0 scale mail of Qazlal's Supremacy {Rampage
                  | Str+4 Slay-2} (You bought it in a shop on level 2 of the
                  | Orcish Mines)
 30235 | Orc:2    | Reached skill level 5 in Invocations
 30439 | Orc:2    | Found a staircase to the Elven Halls.
 30448 | Orc:2    | Found a roughly hewn altar of Beogh.
 30767 | Orc:2    | Found Xipij's Antique Weapon Shoppe.
 30782 | Orc:2    | Found Qogis's General Store.
 31545 | D:13     | Found Pebe's Jewellery Emporium.
 32508 | D:14     | Found a shimmering blue altar of Sif Muna.
 32722 | D:14     | Reached skill level 18 in Evocations
 32842 | D:14     | Reached XP level 16. HP: 55/111 MP: 0/21
 33214 | D:14     | Found a gate to the Vaults.
 33401 | D:14     | Reached skill level 19 in Evocations
 34109 | D:15     | Entered Level 15 of the Dungeon
 34404 | D:15     | Identified the +2 leather armour of the Ikuchi {+Blink
                  | rElec rPois}
 34703 | D:15     | Found a hide-covered altar of Uskayaw.
 34809 | D:15     | Found a staircase to the Depths.
 35606 | Shoals:1 | Entered Level 1 of the Shoals
 35750 | Shoals:1 | Found a runed translucent door.
 35753 | Shoals:1 | Noticed AutarchDCSS's ghost (journeyman DsWn)
 35950 | Shoals:2 | Found Doelerra's Antique Armour Shop.
 35974 | Shoals:2 | Reached skill level 20 in Evocations
 38100 | Shoals:1 | Reached skill level 10 in Invocations
 38782 | Shoals:3 | Reached skill level 21 in Evocations
 39917 | Shoals:3 | Reached XP level 17. HP: 88/117 MP: 6/24
 40562 | Shoals:3 | Noticed a kraken
 40699 | Spider:1 | Entered Level 1 of the Spider Nest
 41209 | Spider:1 | Identified the +6 short sword of Neinkog {venom, rPois
                  | Str+4}
 41523 | Spider:1 | Reached skill level 22 in Evocations
 41718 | Spider:1 | Identified the +3 robe of Inquiry {rElec rPois}
 43818 | Spider:2 | Noticed Asterion
 43825 | Spider:2 | Killed Asterion
 44166 | Spider:2 | You fall into a shaft and drop 1 floor!
 44609 | Spider:2 | Reached skill level 23 in Evocations
 45475 | Spider:2 | Noticed Arachne
 45483 | Spider:2 | Killed Arachne
 45974 | Spider:2 | HP: 1/117 [something (12)]
 45975 | Spider:2 | Mangled by a ghost moth

Illustrated notes

Levels and vault maps discovered:
D:1:      saegor_arrival_simple_e, layout_basic, nicolae_shop_vocational
D:2:      layout_basic, serial_aquarium, aquarium_bridge_square
          [aquarium_subvault_window, aquarium_subvault_wall,
          aquarium_subvault_bridge, aquarium_subvault_bridge],
          aquarium_window_corridor_1, aquarium_window_corner,
          aquarium_window_corner, aquarium_view_2g, aquarium_balcony_5b,
          serial_shops, shop, uniq_robin
D:3:      layout_rooms, okawaru_gym_becter
D:4:      cheibrodos_helix_gallery, layout_rooms,
          mainiacjoe_overflow_small_starburst, minmay_circle_x
D:5:      minmay_diamond_boxcup, layout_rooms, mainiacjoe_overflow_catwalk,
          minitemple, nrook_loot_triangle, nicolae_wooded_promenade,
          nicolae_shop_firing_range
D:6:      layout_loops_ring, uniq_jeremiah
D:7:      lemuel_ice_spiral_2, layout_basic, amcnicky_altar_gilded,
          lemuel_temple_firewalk_b
D:8:      minmay_polygon_palace, layout_basic, mainiacjoe_overflow_alcove_2,
          lightli_bailey_entry_fortress, uniq_psyche, uniq_maggie,
          uniq_prince_ribbit1, uniq_joseph
D:9:      layout_big_octagon, lemuel_crystal_altar
D:10:     layout_stronghold, due_lair_maze_entry_diamond, serial_shops, shop,
          minmay_fractal_squares_5, uniq_lodul, uniq_urug
D:11:     layout_loops_ring, david_orc_2
D:12:     orc_temple, layout_basic, uniq_snorg, uniq_rupert
D:13:     layout_long_grid, serial_shops, shop_statue
D:14:     nzn_winding_woodlands_small [nzn_winding_woodlands_5x15_parted,
          nzn_winding_woodlands_center_lodge,
          nzn_winding_woodlands_5x15_pathside_ponds], layout_loops_ring,
          david_vaults_5, nicolae_wwwww, nicolae_sif_muna_little_library
D:15:     hellmonk_depths_entry_around_the_bend, layout_loops_corners,
          nicolae_uskayaw_en_pointe, corexii_hall_statues_i
Temple:   oiseaux_autumnal_temple
Lair:1:   layout_misc_corridors
Lair:2:   layout_small_grid, lemuel_fruit_tree
Lair:3:   layout_layer_cave, minmay_shoals_entry_hut,
          spider_nest_entry_web_field
Lair:4:   layout_regular_city, minmay_slime_entry_jelly_boxes
Lair:5:   evilmike_catoblepas_cave, layout_loops_ring, dreamdust_wasp_nest
Shoals:1: layout_shoals, ebering_ghost_inner_flame
Shoals:2: layout_shoals, serial_shops, shop, nicolae_shoals_former_cling_halls
Shoals:3: layout_shoals
Spider:1: layout_cave_pods
Spider:2: layout_cave_pods, uniq_asterion, uniq_arachne
Spider:3: layout_spider_delve
Orc:1:    layout_diamond_mine, basic_altar
Orc:2:    grunt_orc_cross, layout_caves, special_room, basic_altar,
          nicolae_orc_lava_tube, blackcustard_mines_bat_river

Skill      XL: |  1  2  3  4  5  6  7  8  9 10 11 12 13 14 15 16 17 |
---------------+----------------------------------------------------+-----
Fighting       | 2 3 4 6 |  6.0
Short Blades   | 3 5 8 11 13 14 | 14.0
Dodging        | 5 7 9 11 12 13 | 13.3
Stealth        | 4 7 9 11 12 13 | 13.1
Invocations    | 2 6 10 12 | 12.0
Evocations     | 7 10 13 15 18 21 23 | 23.2
Armour         | |  1.7

Action                     |  1- 3 |  4- 6 |  7- 9 | 10-12 | 13-15 | 16-18 || total
---------------------------+-------+-------+-------+-------+-------+-------++-------
  Melee: Dagger            |    92 |   164 |   274 |   351 |       |       ||   881
         Club              |    94 |    36 |       |       |       |       ||   130
         Rapier            |       |   122 |       |       |       |       ||   122
         Quick blade       |       |    29 |   529 |  1576 |  3587 |  3103 ||  8824
  Throw: Throwing net      |       |       |       |     5 |     2 |       ||     7
Ability: Invent Gizmo      |       |       |       |       |     1 |       ||     1
  Evoke: Wand              |       |     6 |       |    14 |     6 |     1 ||    27
    Use: Scroll            |       |     9 |     4 |     3 |    11 |    10 ||    37
         Potion            |       |       |     1 |     9 |     6 |     9 ||    25
   Stab: Sleeping          |     3 |     3 |     1 |    12 |    76 |    36 ||   131
         Held in net/web   |       |       |       |     7 |     2 |       ||     9
         Distracted        |       |       |       |     2 |    15 |     8 ||    25
         Paralysed         |       |       |       |       |     1 |       ||     1
 Armour: Leather armour    |    84 |   105 |   168 |   111 |       |   218 ||   686
         Steam dragon scal |       |       |       |   137 |   263 |   163 ||   563
  Dodge: Dodged            |    64 |    92 |   132 |   296 |   665 |   761 ||  2010

Table legend: (Time is in decaauts)
 A = Elapsed time spent in this place.
 B = Non-inter-level travel time spent in this place.
 C = Inter-level travel time spent in this place.
 D = Time resting spent in this place.
 E = Time spent auto-exploring this place.
 F = Levels seen in this place.
 G = Mean time per level.
                   A        B        C        D        E       F      G
               +--------+--------+--------+--------+--------+-----+--------+
         Total |  45058 |  42043 |   3015 |   7344 |  28816 |  30 | 1501.9 |
       Dungeon |  20898 |  19333 |   1565 |   1875 |  14613 |  15 | 1393.2 |
        Temple |    100 |     58 |     42 |      0 |     21 |   1 |  100.0 |
          Lair |   8583 |   7713 |    870 |    415 |   6415 |   5 | 1716.6 |
        Shoals |   5162 |   4893 |    269 |   1754 |   2428 |   3 | 1720.7 |
   Spider Nest |   4428 |   4289 |    139 |   1426 |   2277 |   3 | 1476.0 |
  Orcish Mines |   3662 |   3535 |    127 |    783 |   2253 |   2 | 1831.0 |
        Bailey |   2222 |   2222 |      0 |   1091 |    807 |   1 | 2222.0 |
               +--------+--------+--------+--------+--------+-----+--------+

Top non-repeatable levels by time:
  Lair:5: 2416 daAuts
Spider:1: 2362 daAuts
    D:12: 2350 daAuts
  Bailey: 2222 daAuts
     D:8: 2210 daAuts
  Lair:3: 2205 daAuts
Spider:2: 2032 daAuts
Shoals:3: 1885 daAuts
    D:10: 1870 daAuts
   Orc:1: 1863 daAuts
     D:6: 1827 daAuts
   Orc:2: 1799 daAuts
Shoals:1: 1794 daAuts
  Lair:2: 1733 daAuts
    D:14: 1690 daAuts
